 Dungeon Crawl Stone Soup version 0.19.0 (webtiles) character file.

249 Banto the Slasher (level 5, -4/34 HPs)
             Began as a High Elf Skald on Nov 1, 2016.
             Slain by an orc
             ... wielding a +0 dagger
              (5 damage)
             ... on level 3 of the Dungeon.
             The game lasted 00:05:33 (4519 turns).

Banto the Slasher (High Elf Skald)                  Turns: 4519, Time: 00:05:33

Health: -4/34      AC:  5    Str: 11    XL:     5   Next: 87%
Magic:  9/9        EV: 12    Int: 16    God:
Gold:   144        SH:  0    Dex: 15    Spells: 1 memorised, 7 levels left

rFire  . . .     SeeInvis .     x - +1 short sword (drain)
rCold  . . .     Gourm    .     b - +1 leather armour
rNeg   + . .     Faith    .     (no shield)
rPois  .         Spirit   .     (no helmet)
rElec  .         Reflect  .     e - +0 cloak
rCorr  .         Harm     .     (no gloves)
MR     .....                    (no boots)
Stlth  ++........               (no amulet)
                                s - ring of stealth
                                w - ring of positive energy

@: heavily drained
A: no striking features
a: no special abilities


You were on level 3 of the Dungeon.
You were hungry.

You visited 1 branch of the dungeon, and saw 3 of its levels.

You collected 144 gold pieces.

Inventory:

Hand Weapons
 v - a +0 long sword
 x - a +1 short sword of draining (weapon)
Missiles
 h - 5 tomahawks (quivered)
 l - a throwing net
Armour
 b - a +1 leather armour (worn)
 e - a +0 cloak (worn)
Jewellery
 j - an uncursed ring of flight
 s - a ring of stealth (right hand)
 w - a ring of positive energy (left hand)
Wands
 i - a wand of slowing (9/48)
Scrolls
 n - a scroll of recharging {unknown}
 p - 2 scrolls of teleportation
 u - a scroll of remove curse {unknown}
Potions
 g - 2 potions of magic
 m - a potion of curing
 t - a potion of brilliance {unknown}
Books
 c - a book of Battle

   Spells                             Type                      Level
   a - Infusion                       Charms                       1
   b - Shroud of Golubria             Charms/Translocation         2
   c - Song of Slaying                Charms                       2
   d - Spectral Weapon                Hexes/Charms                 3
   e - Regeneration                   Charms/Necromancy            3
Comestibles
 d - 4 bread rations
 f - a beef jerky
 k - 2 slices of pizza
 q - a meat ration


   Skills:
 - Level 2.0(0.0) Fighting
 + Level 5.4(2.7) Long Blades
 - Level 0.8(0.0) Armour
 + Level 4.6(1.9) Dodging
 - Level 2.4(0.0) Spellcasting
 - Level 3.6(1.0) Charms


You had 7 spell levels left.
You knew the following spells:

 Your Spells              Type           Power        Failure   Level  Hunger
a - Infusion              Chrm           #...         21%         1    ##.....


Dungeon Overview and Level Annotations

Branches:
Dungeon (3/15)

Altars:
Xom


Message History

The orc hits you from afar with a trident.
* * * LOW HITPOINT WARNING * * *
The orc hits you but does no damage.
The worker ant bites you but does no damage.
The orc barely misses you.
You take 3 damage, and have 8/34 hp.
You hit the orc. You drain the orc!
You kill the orc!
The orc barely misses you. The worker ant bites you.
* * * LOW HITPOINT WARNING * * *
The orc barely misses you.
You take 5 damage, and have 3/34 hp.
The worker ant misses you.
You see here an orc corpse.
The worker ant bites you.
* * * LOW HITPOINT WARNING * * *
You take 3 damage, and have 1/34 hp.
It was a potion of cancellation.
You feel magically purged. The orc hits you with a dagger.
You die...

...o#####...[..
#..#.......... ##...#
##..... #...####......
###..........)..
#...o#..###.[...
######)#####..#...#..
#.!...).........###.#
#...@.#.........#....
###..o###.............#
#.....†o).............#
#......##..........<#..
#...................##.
#########...........).(
###########.### #.##.
#....


You could see an orc.

Vanquished Creatures
  2 orc wizards (D:3)
  Ijyb (D:2)
  4 gnolls
  3 adders
  An ooze (D:3)
  A worm (D:2)
  3 dart slugs (D:1)
  5 leopard geckos
  12 orcs (D:3)
  2 bats (D:1)
  3 giant cockroaches
  6 goblins
  4 hobgoblins (D:1)
  3 jackals (D:3)
  A ball python (D:1)
  6 frilled lizards
  13 kobolds
  10 rats
80 creatures vanquished.

Notes
Turn   | Place    | Note
-------+----------+-------------------------------------------
     0 | D:1      | Banto the High Elf Skald began the quest for the Orb.
     0 | D:1      | Reached XP level 1. HP: 14/14 MP: 4/4
   442 | D:1      | Reached XP level 2. HP: 13/19 MP: 3/6
   452 | D:1      | Reached skill level 3 in Long Blades
   971 | D:1      | Reached XP level 3. HP: 24/24 MP: 7/7
  1805 | D:2      | Noticed Ijyb
  1836 | D:2      | Killed Ijyb
  1836 | D:2      | Reached skill level 4 in Long Blades
  1836 | D:2      | Reached XP level 4. HP: 22/29 MP: 6/8
  1891 | D:2      | HP: 1/29 [worm (11)]
  1918 | D:2      | HP: 1/29 [worm (3)]
  2204 | D:2      | Found a faded altar of an unknown god.
  2597 | D:3      | Found a shimmering altar of Xom.
  3306 | D:3      | Reached XP level 5. HP: 23/34 MP: 9/9
  3428 | D:3      | Reached skill level 5 in Long Blades
  3495 | D:2      | HP: 1/34 [poisoned by an adder]
  4517 | D:3      | HP: 1/34 [worker ant (3)]
  4519 | D:3      | Slain by an orc

Skill      XL: |  1  2  3  4  5 |
---------------+----------------+-----
Long Blades    | 3 4 5 |  5.4
Dodging        | 2 3 4 |  4.6
Fighting       | |  2.0
Armour         | |  0.8
Spellcasting   | |  2.4
Charms         | |  3.6

Action                   |  1- 3 |  4- 6 || total
-------------------------+-------+-------++-------
Melee: Falchion          |   118 |     4 ||   122
       Dagger            |       |   187 ||   187
       Short sword       |       |    20 ||    20
Throw: Tomahawk          |     4 |       ||     4
 Cast: Infusion          |     7 |    10 ||    17
  Use: Scroll            |     5 |       ||     5
       Potion            |     2 |     1 ||     3
 Stab: Sleeping          |     1 |       ||     1
  Eat: Chunk             |     3 |     9 ||    12
Armor: Leather armour    |    41 |    59 ||   100
Dodge: Dodged            |    72 |   122 ||   194
       Rpst.: Falchion   |    18 |       ||    18

Table legend:
 A = Turns spent in this place as a percentage of turns spent in the entire game.
 B = Non-inter-level travel turns spent in this place as a percentage of non-inter-level travel turns spent in the entire game.
 C = Inter-level travel turns spent in this place as a percentage of turns spent in this place.
 D = Turns resting spent in this place as a percentage of non-inter-level travel turns spent in this place.
 E = Turns spent auto-exploring this place as a percentage of non-inter-level travel turns spent in this place.
 F = Non-inter-level travel turns spent in this place divided by the number of levels of this place that you've seen.
                   A       B       C       D       E      F
               +-------+-------+-------+-------+-------+----------------------
         Total | 100.0 | 100.0 |   0.6 |   7.1 |   6.8 | 363.3
       Dungeon | 100.0 | 100.0 |   0.6 |   7.1 |   6.8 | 363.3
               +-------+-------+-------+-------+-------+----------------------

Table legend:
 A = Kills in this place as a percentage of kills in entire the game.
 B = Kills by you in this place as a percentage of kills by you in the entire game.
 C = Kills by friends in this place as a percentage of kills by friends in the entire game.
 D = Other kills in this place as a percentage of other kills in the entire game.
 E = Experience gained in this place as a percentage of experience gained in the entire game.
 F = Experience gained in this place divided by the number of levels of this place that you have seen.
                   A       B       C       D       E      F
               +-------+-------+-------+-------+-------+----------------------
         Total | 100.0 | 100.0 |  -nan |  -nan | 100.0 | 119.0
       Dungeon | 100.0 | 100.0 |  -nan |  -nan | 100.0 | 119.0
               +-------+-------+-------+-------+-------+----------------------
